 Dungeon Crawl Stone Soup version 0.24.0-2-g5b39cebb1c (webtiles) character file.

Game seed: 15010147400632363147, levelgen mode: deterministic

208 Mrkan the Slasher (level 5, -4/47 HPs)
             Began as a Draconian Monk on Oct 29, 2019.
             Slain by a gnoll
             ... wielding a +0 spear
              (5 damage)
             ... on level 3 of the Dungeon.
             The game lasted 00:06:45 (3207 turns).

Mrkan the Slasher (Draconian Monk)                  Turns: 3207, Time: 00:06:46

Health: -4/47      AC:  5    Str: 13    XL:     5   Next: 55%
Magic:  5/5        EV: 14    Int: 11    God:
Gold:   201        SH:  0    Dex: 14    Spells: 4/4 levels left

rFire    . . .     SeeInvis .   a - +0 falchion
rCold    . . .     Gourm    .   (no shield)
rNeg     . . .     Faith    .   (armour unavailable)
rPois    .         Spirit   .   (helmet restricted)
rElec    .         Reflect  .   (no cloak)
rCorr    .         Harm     .   (no gloves)
MR       .....                  (no boots)
Stlth    ++........             (no amulet)
HPRegen  0.15/turn              (no ring)
MPRegen  0.09/turn              (no ring)

@: no status effects
A: unfitting armour, cold-blooded, AC +5
a: no special abilities


You were on level 3 of the Dungeon.
You were hungry.

You visited 1 branch of the dungeon, and saw 4 of its levels.

You collected 201 gold pieces.

Inventory:

Hand Weapons
 a - a +0 falchion (weapon)
Missiles
 e - 28 poisoned darts (quivered)
Jewellery
 k - a +4 ring of evasion
Wands
 n - a wand of digging (6)
Scrolls
 c - 2 scrolls of fog {unknown}
 i - a scroll of amnesia {unknown}
 j - 3 scrolls of enchant weapon {unknown}
 l - 2 scrolls of remove curse {unknown}
 o - a scroll of enchant armour {unknown}
 p - a scroll of blinking {unknown}
Potions
 d - a potion of ambrosia {unknown}
 f - 2 potions of curing
 g - 2 potions of haste {unknown}
 h - a potion of agility {unknown}
 m - a potion of heal wounds {unknown}
Comestibles
 b - 6 rations


   Skills:
 + Level 4.4 Fighting
 * Level 5.0 Long Blades
 + Level 3.6 Dodging
 - Level 1.7 Stealth


You had 4 spell levels left.
You didn't know any spells.
Your spell library was empty.

Dungeon Overview and Level Annotations

Branches:
Dungeon (4/15)
 Temple: D:4-7

Altars:
Yredelemnul


Innate Abilities, Weirdness & Mutations

Your plain brown scales are hard. (AC +5)
You cannot fit into any form of body armour.
You are cold-blooded and may be slowed by cold attacks.


Message History

* * * LOW HITPOINT WARNING * * *
The gnoll closely misses you.
You riposte.
You completely miss the gnoll.
You tail-slap the gnoll, but do no damage.
You hit the gnoll. You tail-slap the gnoll.
The gnoll is moderately wounded.
The gnoll misses you.
You riposte.
You hit the gnoll but do no damage.
Your tail-slap misses the gnoll.
The gnoll misses you.
You riposte.
You closely miss the gnoll.
The gnoll is moderately wounded.
You closely miss the gnoll.
You tail-slap the gnoll, but do no damage.
The gnoll is moderately wounded.
The gnoll hits you but does no damage. The gnoll hits you with a +0 spear.
* * * LOW HITPOINT WARNING * * *
You closely miss the gnoll.
Your tail-slap misses the gnoll.
The gnoll is moderately wounded.
The gnoll misses you.
You riposte.
You hit the gnoll.
The gnoll is lightly wounded.
The gnoll hits you with a +0 spear.
You die...

#.# #.# # #.#
#.############ #.#
######............. #.#
#...........#######
#.#####.####.####....[...
#............# ##.#####.
#####....###.# #.# #.
#.#g.###.# #.# #.
##...@##..#####.# #.
##...g...........# #.
#.......#[.####### #.
#.......#..# #.
#.......#..###########.
##.....##..##..........
##...###..##.########.
##.## #..##.## #.
##.####......## ##


You could see 2 gnolls.

Vanquished Creatures
  A bullfrog (D:3)
  An iguana (D:3)
  A gnoll (D:4)
  2 adders (D:2)
  4 oozes
  2 worms
  3 leopard geckos
  4 orcs (D:3)
  3 ball pythons
  3 giant cockroaches
  6 goblins
  7 hobgoblins
  2 jackals (D:3)
  2 quokkas (D:2)
  7 bats
  4 frilled lizards
  6 kobolds
  3 rats
61 creatures vanquished.

Notes
Turn   | Place    | Note
-------+----------+-------------------------------------------
     0 | D:1      | Mrkan the Draconian Monk began the quest for the Orb.
     0 | D:1      | Reached XP level 1. HP: 19/19 MP: 1/1
   234 | D:1      | Reached XP level 2. HP: 21/26 MP: 2/2
   883 | D:2      | Reached XP level 3. HP: 31/31 MP: 3/3
   994 | D:2      | Reached skill level 4 in Long Blades
  1563 | D:2      | Reached XP level 4. HP: 35/40 MP: 4/4
  2019 | D:3      | Found a basalt altar of Yredelemnul.
  2110 | D:3      | Noticed a bullfrog
  2123 | D:3      | Killed a bullfrog
  2123 | D:3      | Reached XP level 5. HP: 15/46 MP: 5/5
  3044 | D:4      | Reached skill level 5 in Long Blades
  3206 | D:3      | HP: 1/47 [gnoll/+0 spear (6)]
  3207 | D:3      | Slain by a gnoll

Levels and vault maps discovered:
D:1:      lightli_arrival_isolated_outpost, layout_basic
D:2:      layout_basic, kennysheep_decorative_pillar
D:3:      layout_loops_ring, yredelemnul_altar_generic
D:4:      layout_loops_ring, kennysheep_mini, grunt_temple_overflow_open,
          kiku_gazebo_garden_becter, first_ration, serial_shops,
          kennysheep_little_box, corexii_shack, elyvilon_altar_5

Skill      XL: |  1  2  3  4  5 |
---------------+----------------+-----
Dodging        | 3 |  3.6
Long Blades    | 4 5 |  5.0
Fighting       | 4 |  4.4
Stealth        | |  1.7

Action                   |  1- 3 |  4- 6 || total
-------------------------+-------+-------++-------
Melee: Falchion          |   103 |    92 ||   195
       Tailslap          |    22 |     9 ||    31
  Use: Potion            |       |     2 ||     2
 Stab: Sleeping          |     3 |     5 ||     8
       Distracted        |     1 |       ||     1
  Eat: Chunk             |     2 |     5 ||     7
Armor: Skin              |    25 |    14 ||    39
Dodge: Dodged            |    99 |    57 ||   156
       Rpst.: Falchion   |    37 |    19 ||    56
